 Dungeon Sprint DCSS version 0.30.1-11-g7821555f0a (webtiles) character file.

Game seed: 13822460875419340250

320 Groucho the Summoner (level 6, -2/34 HPs)
             Began as a Deep Elf Summoner on Jan 4, 2024.
             Was an Elder of Sif Muna.
             Slain by a freezing wraith (10 damage)
             ... in the Dungeon (Sprint VII: "The Pits").
             The game lasted 00:05:13 (2016 turns).

Groucho the Summoner (Deep Elf Summoner)            Turns: 2016, Time: 00:05:14

Health: -2/34      AC:  2    Str:  5    XL:     6   Next: 22%
Magic:  15/21      EV: 13    Int: 22    God:    Sif Muna [****..]
Gold:   0          SH:  0    Dex: 15    Spells: 17/26 levels left

rFire   . . .        c - +2 trident
rCold   . . .        (no shield)
rNeg    . . .        a - +0 robe
rPois   .            (no helmet)
rElec   .            (no cloak)
rCorr   .            (no gloves)
SInv    .            (no boots)
Will    .....        (no amulet)
Stlth   ++           (no ring)
HPRegen 0.25/turn    (no ring)
MPRegen 0.17/turn

%: no teleportation
@: no status effects
A: no striking features
a: Renounce Religion, Channel Magic, Forget Spell, Divine Exegesis


You were in the Dungeon.
You worshipped Sif Muna.
Sif Muna was greatly pleased with you.
You visited 1 branch

Inventory:

Hand Weapons
 c - a +2 trident (weapon)
Armour
 a - a +0 robe (worn)
 l - a +3 ring mail
Scrolls
 g - a scroll of blinking
 i - 5 scrolls of amnesia
 j - a scroll of butterflies
Potions
 b - 5 potions of magic
 d - 5 potions of heal wounds
 e - a potion of haste
 f - 3 potions of berserk rage
 h - 2 potions of invisibility
 k - 5 potions of curing


   Skills:
 + Level 1.4 Fighting
 + Level 1.3 Polearms
 + Level 1.4 Armour
 + Level 3.7 Dodging
 - Level 2.4 Stealth
 + Level 10.5 Spellcasting
 * Level 11.2 Summonings
 + Level 2.0 Invocations


You had 17 spell levels left.
You knew the following spells:

 Your Spells              Type           Power      Damage    Failure   Level
a - Summon Small Mammal   Summ           100%       N/A       1%          1
b - Call Imp              Summ           100%       N/A       1%          2
c - Call Canine Familiar  Summ           57%        N/A       1%          3
d - Summon Guardian Gole  Hex/Summ       36%        N/A       1%          3

Your spell library contained the following spells:

 Spells                   Type           Power      Damage    Failure   Level
 Summon Lightning Spire   Summ/Air       36%        N/A       5%          4


Dungeon Overview and Level Annotations

Branches:
Dungeon (1/1)

Altars:
Ashenzari
Cheibriados
Dithmenos
Elyvilon
Fedhas
Gozag
Hepliaklqana
Kikubaaqudgha
Makhleb
Nemelex Xobeh
Okawaru
Qazlal
Ru
Sif Muna
Trog
Uskayaw
Vehumet
Wu Jian
Xom
Yredelemnul
Zin
The Shining One
Jiyva
Lugonu


Message History

You open the door.
A freezing wraith comes into view.
The freezing wraith attacks as you move away!
The freezing wraith hits you! The freezing wraith freezes you!!
Ouch! That really hurt!
* * * LOW HITPOINT WARNING * * *
The freezing wraith misses you.
The freezing wraith barely misses your wolf.
The freezing wraith hits your wolf!
Unknown command.
You feel much better.
Your wolf misses the freezing wraith.
Your wolf barely misses the freezing wraith.
The freezing wraith hits your wolf! The freezing wraith freezes your wolf!!
Your wolf dies!
Your wolf's corpse disappears in a puff of smoke!
Unknown command.
Unknown command.
Casting: Call Imp (safe; 1% risk of failure)
Confirm with . or Enter, or press ? or * to list all spells.
Casting: Call Canine Familiar (safe; 1% risk of failure)
Confirm with . or Enter, or press ? or * to list all spells.
A tiny devil pulls itself out of the air.
The freezing wraith barely misses you. The freezing wraith closely misses you.
Unknown command.
Unknown command.
Unknown command.
Casting: Call Imp (safe; 1% risk of failure)
Confirm with . or Enter, or press ? or * to list all spells.
Your wolf bites the freezing wraith!
Your wolf bites the freezing wraith.
The freezing wraith hits you. The freezing wraith freezes you!
The freezing wraith hits you but does no damage.
Your cerulean imp closely misses the freezing wraith.
Unknown command.
Unknown command.
You swap places.
Your wolf barely misses the freezing wraith.
The freezing wraith hits you!
* * * LOW HITPOINT WARNING * * *
The freezing wraith freezes you!
You die...

#.#.....†..##.......#
#.#..†....)##.......#
#'###########.......#
#.......# #########
#..###..# #...)...#
##÷###.##+#
#.......#.+
#..###r@#'#
#..)...hW5#
###########


You could see a freezing wraith (ally target), a friendly wolf (summoned), a
friendly cerulean imp (summoned) and a friendly quokka (summoned).

Vanquished Creatures
  A scorpion (D)
  An orc (D)
2 creatures vanquished.

Vanquished Creatures (collateral kills)
  A floating eye (D)
  A black bear (D)
  An iguana (D)
  An adder (D)
  2 gnolls (D)
  A white imp (D)
  An ufetubus (D)
  A goblin (D)
  A hobgoblin (D)
  3 jackals (D)
  A bat (D)
  A frilled lizard (D)
  A kobold (D)
16 creatures vanquished.

Grand Total: 18 creatures vanquished

Notes
Turn   | Place    | Note
-------+----------+-------------------------------------------
     0 | D        | Groucho the Deep Elf Summoner began the quest for the Orb.
     0 | D        | Reached XP level 1. HP: 10/10 MP: 6/6
    58 | D        | Reached skill level 5 in Summonings
    58 | D        | Reached XP level 2. HP: 15/15 MP: 0/9
   408 | D        | Learned a level 2 spell: Call Imp
   437 | D        | Found a glowing golden altar of the Shining One.
   437 | D        | Found a glowing silver altar of Zin.
   437 | D        | Found a basalt altar of Yredelemnul.
   437 | D        | Found a shimmering altar of Xom.
   437 | D        | Found an ornate altar of the Wu Jian Council.
   437 | D        | Found a bloodstained altar of Trog.
   437 | D        | Found a shimmering blue altar of Sif Muna.
   437 | D        | Found a sacrificial altar of Ru.
   437 | D        | Found a stormy altar of Qazlal.
   437 | D        | Found an iron altar of Okawaru.
   437 | D        | Found a sparkling altar of Nemelex Xobeh.
   437 | D        | Found a burning altar of Makhleb.
   437 | D        | Found a viscous altar of Jiyva.
   437 | D        | Found a hazy altar of Hepliaklqana.
   437 | D        | Found an opulent altar of Gozag.
   437 | D        | Found a blossoming altar of Fedhas.
   437 | D        | Found a white marble altar of Elyvilon.
   437 | D        | Found a shadowy altar of Dithmenos.
   437 | D        | Found a snail-covered altar of Cheibriados.
   438 | D        | Found a radiant altar of Vehumet.
   438 | D        | Found a corrupted altar of Lugonu.
   439 | D        | Found an ancient bone altar of Kikubaaqudgha.
   439 | D        | Found a hide-covered altar of Uskayaw.
   439 | D        | Found a broken altar of Ashenzari.
   440 | D        | Became a worshipper of Sif Muna the Loreminder
   447 | D        | Noticed a scorpion
  1078 | D        | Killed a scorpion
  1079 | D        | Reached skill level 7 in Summonings
  1079 | D        | Reached XP level 3. HP: 19/19 MP: 7/14
  1459 | D        | Reached * piety under Sif Muna
  1460 | D        | Reached XP level 4. HP: 24/24 MP: 12/15
  1476 | D        | Reached ** piety under Sif Muna
  1527 | D        | Learned a level 3 spell: Call Canine Familiar
  1531 | D        | Learned a level 3 spell: Summon Guardian Golem
  1712 | D        | Reached *** piety under Sif Muna
  1713 | D        | Reached skill level 8 in Summonings
  1827 | D        | Noticed a floating eye
  1830 | D        | Killed a floating eye
  1831 | D        | Reached skill level 10 in Spellcasting
  1831 | D        | Reached skill level 10 in Summonings
  1831 | D        | Reached XP level 5. HP: 28/28 MP: 11/19
  1979 | D        | Noticed a black bear
  1984 | D        | Killed a black bear
  1985 | D        | Reached skill level 1 in Fighting
  1985 | D        | Reached skill level 1 in Polearms
  1985 | D        | Reached skill level 1 in Armour
  1985 | D        | Reached skill level 11 in Summonings
  1985 | D        | Reached skill level 1 in Invocations
  1985 | D        | Reached XP level 6. HP: 34/34 MP: 15/21
  1995 | D        | Reached **** piety under Sif Muna
  2010 | D        | Noticed a freezing wraith
  2016 | D        | Slain by a freezing wraith

Illustrated notes

Levels and vault maps discovered:
D:        pitsprint [storerooms_1, entrance_room_1, metal_vault_8, armoury_1,
          mini_pit_1, grid_room_1, main_hall_1, silver_pit, the_coven_3,
          the_vestibule_1, steel_vault_5, golden_pit, hallway_of_sentries,
          crystal_vault_2, iron_vault_2, final_vault]

Skill      XL: |  1  2  3  4  5  6 |
---------------+-------------------+-----
Spellcasting   | 4 7 10 | 10.5
Summonings     | 5 7 10 11 | 11.2
Fighting       | 1 |  1.4
Polearms       | 1 |  1.3
Armour         | 1 |  1.4
Dodging        | 3 |  3.7
Invocations    | 1 2 |  2.0
Stealth        | |  2.4

Action                     |  1- 3 |  4- 6 || total
---------------------------+-------+-------++-------
  Melee: Unarmed           |     1 |       ||     1
         Trident           |     5 |     2 ||     7
   Cast: Summon Small Mamm |    14 |     2 ||    16
         Call Imp          |     2 |     3 ||     5
         Call Canine Famil |       |     4 ||     4
    Use: Potion            |     1 |     1 ||     2
 Armour: Robe              |     1 |     4 ||     5
  Dodge: Dodged            |     1 |    10 ||    11
